 Dungeon Crawl Stone Soup version 0.30-a0-782-ge64f9170bb (webtiles) character file.

Game seed: 14582536463825019696

220 112233 the Magician (level 5, -9/51 HPs)
             Began as an Octopode Earth Elementalist on Feb 25, 2023.
             Killed from afar by Terence (11 damage)
             ... with a bolt of dispelling energy
             ... on level 3 of the Dungeon.
             The game lasted 00:01:53 (2004 turns).

112233 the Magician (Octopode Earth Elementalist)   Turns: 2004, Time: 00:01:54

Health: -9/51      AC: 22    Str:  7    XL:     5   Next: 97%
Magic:  3/11       EV:  2    Int: 19    God:
Gold:   86         SH:  0    Dex: 13    Spells: 11/12 levels left

rFire   . . .      SeeInvis .    d - +0 quarterstaff
rCold   . . .      Faith    .    (shield currently unavailable)
rNeg    . . .      Spirit   .    (helmet currently unavailable)
rPois   +          Reflect  .    (no amulet)
rElec   .          Harm     .    (no ring)
rCorr   .          Rampage  .    (no ring)
Will    .....      NoTele   +    (no ring)
Stlth   ++                       (no ring)
HPRegen 0.28/turn                (no ring)
MPRegen 0.12/turn                (no ring)
                                 (no ring)
                                 (no ring)

@: tree-form (expiring), very slightly contaminated, invisible (expiring)
A: stationary, stasis, torment immunity, boosted hp, almost no armour,
(amphibious), 8 rings, (camouflage 1), (gelatinous body 1), (nimble swimmer 1),
(tentacles)
a: no special abilities


You were on level 3 of the Dungeon.
You were a tree.
You visited 1 branch of the dungeon, and saw 3 of its levels.

You collected 86 gold pieces.

Inventory:

Hand Weapons
 d - a +0 quarterstaff (weapon)
Scrolls
 e - a scroll of amnesia {unknown}
 f - 3 scrolls of identify {unknown}
 i - a scroll of brand weapon {unknown}
 j - a scroll of enchant armour {unknown}
 k - a scroll of enchant weapon {unknown}
 n - a scroll of fear {unknown}
Potions
 a - a potion of magic
 g - 2 potions of might
 l - a potion of invisibility
 m - a potion of degeneration {unknown}


   Skills:
 + Level 2.0 Fighting
 + Level 3.0 Dodging
 - Level 2.6 Stealth
 * Level 4.0 Spellcasting
 - Level 1.0 Transmutations
 + Level 3.8 Earth Magic


You had 11 spell levels left.
You knew the following spells:

 Your Spells              Type           Power      Damage    Failure   Level
a - Sandblast             Erth           36%        2d10      3%          1

Your spell library contained the following spells:

 Spells                   Type           Power      Damage    Failure   Level
 Passwall                 Tmut/Erth      10%        N/A       8%          2
 Stone Arrow              Conj/Erth      22%        3d8       19%         3
 Petrify                  Tmut/Erth      13%        N/A       45%         4


Dungeon Overview and Level Annotations

Branches:
Dungeon (3/15)

Altars:

Shops:
D:2 (

Annotations:
D:3 Terence


Innate Abilities, Weirdness & Mutations

You are a tree.
Your roots penetrate the ground, keeping you stationary.
You cannot be teleported.
You are immune to unholy pain and torment.
Your maximum health is greatly increased.
You cannot wear most types of armour.
((You are amphibious.))
You can wear up to eight rings at the same time.
((Your skin changes colour to match your surroundings (Stealth+).))
((Your rubbery body absorbs attacks. (AC +1, EV +1)))
((You are camouflaged when in or above water. (Stealth+)))
((You have tentacles for arms and can constrict up to eight enemies at once.))


Message History

Casting: Sandblast (safe; 3% risk of failure)
Confirm with . or Enter, or press ? or * to list all spells.
Aiming: Sandblast (safe; 3% risk of failure)
Press: ? - help, Shift-Dir - straight line, f/p - Terence
Aim: Terence, wielding a +0 flail, wearing a +0 chain mail and carrying a wand of quicksilver (2) (severely wounded, 87% to hit)
You miscast Sandblast.
You are very lightly contaminated with residual magic.
Nothing appears to happen.
Terence hits you with a +0 flail.
* * * LOW HITPOINT WARNING * * *
Casting: Sandblast (safe; 3% risk of failure)
Confirm with . or Enter, or press ? or * to list all spells.
Aiming: Sandblast (safe; 3% risk of failure)
Press: ? - help, Shift-Dir - straight line, f/p - Terence
Aim: Terence, wielding a +0 flail, wearing a +0 chain mail and carrying a wand of quicksilver (2) (severely wounded, 87% to hit)
The blast of sand hits Terence.
Terence is severely wounded.
Terence hits you with a +0 flail!
* * * LOW HITPOINT WARNING * * *
It was a potion of invisibility.
You fade into invisibility!
Terence hits you but does no damage.
Unknown command.
Casting: Sandblast (safe; 3% risk of failure)
Confirm with . or Enter, or press ? or * to list all spells.
Aiming: Sandblast (safe; 3% risk of failure)
Press: ? - help, Shift-Dir - straight line, f/p - Terence
Aim: Terence, wielding a +0 flail, wearing a +0 chain mail and carrying a wand of quicksilver (2) (severely wounded, unable to see you, 87% to hit)
The blast of sand hits Terence.
Terence is severely wounded.
Unknown command.
Casting: Sandblast (safe; 3% risk of failure)
Confirm with . or Enter, or press ? or * to list all spells.
Aiming: Sandblast (safe; 3% risk of failure)
Press: ? - help, Shift-Dir - straight line, f/p - Terence
Aim: Terence, wielding a +0 flail, wearing a +0 chain mail and carrying a wand of quicksilver (2) (severely wounded, wandering, unable to see you, hasn't noticed you, 87% to hit)
The blast of sand hits Terence but does no damage.
Terence is severely wounded.
Terence zaps a wand.
The bolt of dispelling energy hits you!
Your magical effects are unravelling.
You die...

##...... #.
.... ###.#.#.#
. .......# ..
#..#..###...
#.<......###
#.##...........
#........#.##.
####.##♣[#
#.....#
#.##.... #.
#.@#.# #.
#..#.# #..# #
#..# #..#


You could see Terence (unable to see you).

Vanquished Creatures
  Sigmund (D:2)
  An adder (D:3)
  3 worms (D:2)
  2 dart slugs
  4 endoplasms (D:2)
  A giant cockroach (D:1)
  6 hobgoblins
  2 jackals (D:1)
  2 kobolds
  A quokka (D:2)
  8 ball pythons
  3 bats
  A frilled lizard (D:1)
  2 goblins
  3 rats
40 creatures vanquished.

Notes
Turn   | Place    | Note
-------+----------+-------------------------------------------
     0 | D:1      | 112233 the Octopode Earth Elementalist began the quest for
                  | the Orb.
     0 | D:1      | Reached XP level 1. HP: 11/11 MP: 3/3
   297 | D:1      | Reached XP level 2. HP: 17/17 MP: 3/5
   439 | D:1      | Found a faded altar of an unknown god.
  1008 | D:2      | Reached XP level 3. HP: 22/22 MP: 2/7
  1125 | D:2      | Reached skill level 3 in Spellcasting
  1371 | D:2      | Noticed Sigmund
  1389 | D:2      | Killed Sigmund
  1390 | D:2      | Reached skill level 1 in Fighting
  1390 | D:2      | Reached skill level 4 in Spellcasting
  1390 | D:2      | Reached XP level 4. HP: 20/29 MP: 7/10
  1390 | D:2      | Reached XP level 5. HP: 23/34 MP: 7/11
  1582 | D:2      | Found Ileewah's Antique Weapon Boutique.
  1993 | D:3      | Noticed Terence
  2001 | D:3      | HP: 1/51 [Terence/+0 flail (9)]
  2004 | D:3      | Killed from afar by Terence

Illustrated notes

Levels and vault maps discovered:
D:1:      matt_arrival_spirals, layout_loops_ring, basic_ecumenical_altar
D:2:      layout_loops_corners, serial_shops, nicolae_shop_behind_doors,
          uniq_sigmund
D:3:      layout_basic, okawaru_trees_2, uniq_terence

Skill      XL: |  1  2  3  4  5 |
---------------+----------------+-----
Spellcasting   | 4 |  4.0
Fighting       | 1 2 |  2.0
Dodging        | 3 |  3.0
Stealth        | |  2.6
Transmutations | |  1.0
Earth Magic    | |  3.8

Action                     |  1- 3 |  4- 6 || total
---------------------------+-------+-------++-------
  Melee: Quarterstaff      |     7 |     1 ||     8
         Constrict         |     4 |       ||     4
         Punch             |     1 |       ||     1
         Tentacles         |     1 |       ||     1
   Cast: Sandblast         |    51 |    13 ||    64
    Use: Potion            |     5 |     2 ||     7
   Stab: Sleeping          |     1 |       ||     1
 Armour: Skin              |     2 |     3 ||     5
  Dodge: Dodged            |     8 |     3 ||    11

Table legend: (Time is in decaauts)
 A = Elapsed time spent in this place.
 B = Non-inter-level travel time spent in this place.
 C = Inter-level travel time spent in this place.
 D = Time resting spent in this place.
 E = Time spent auto-exploring this place.
 F = Levels seen in this place.
 G = Mean time per level.
                   A        B        C        D        E       F      G
               +--------+--------+--------+--------+--------+-----+--------+
         Total |   2036 |   1969 |     67 |     42 |   1657 |   3 |  678.7 |
       Dungeon |   2036 |   1969 |     67 |     42 |   1657 |   3 |  678.7 |
               +--------+--------+--------+--------+--------+-----+--------+

Top non-repeatable levels by time:
     D:2: 1105 daAuts
     D:1: 907 daAuts
     D:3: 24 daAuts
